 Dungeon Crawl Stone Soup version 0.29.1-12-g30fa7ad0bf (webtiles) character file.

Game seed: 12168945681928432329

14 hawla the Chiller (level 2, -4/20 HPs)
             Began as a Meteoran Ice Elementalist on Jan 8, 2023.
             Slain by an orc
             ... wielding a +0 hand axe
              (5 damage)
             ... on level 3 of the Dungeon.
             The game lasted 00:01:24 (223 turns).

hawla the Chiller (Meteoran Ice Elementalist)        Turns: 223, Time: 00:01:24

Health: -4/20      AC:  3    Str:  9    XL:     2   Next: 76%
Magic:  6/7        EV: 12    Int: 16    God:
Gold:   30         SH:  0    Dex: 14    Spells: 6/7 levels left

rFire   . . .      SeeInvis .   (no weapon)
rCold   . . .      Faith    .   (no shield)
rNeg    . . .      Spirit   .   a - +1 robe
rPois   .          Reflect  .   (no helmet)
rElec   .          Harm     .   (no cloak)
rCorr   .          Rampage  .   (no gloves)
Will    .....                   (no boots)
Stlth   +.........              (no amulet)
HPRegen 0.06/turn               (no ring)
MPRegen 0.10/turn               (no ring)

@: attractive, glowing
A: sense surroundings 1, otherworldly, glowing, explore regen
a: no special abilities


You were on level 3 of the Dungeon.
You visited 1 branch of the dungeon, and saw 4 of its levels.

You collected 30 gold pieces.

Inventory:

Armour
 a - a +1 robe (worn)
Scrolls
 c - a scroll of teleportation {unknown}
Potions
 b - a potion of magic


   Skills:
 + Level 2.5 Dodging
 - Level 1.4 Stealth
 + Level 3.0 Spellcasting
 + Level 4.8 Ice Magic


You had 6 spell levels left.
You knew the following spells:

 Your Spells              Type           Power      Damage    Failure   Level
a - Freeze                Ice            68%        1d8       2%          1

Your spell library contained the following spells:

 Spells                   Type           Power      Damage    Failure   Level
 Frozen Ramparts          Ice            34%        1d6       8%          3
 Ozocubu's Armour         Ice            17%        N/A       8%          3
 Blink                    Tloc           4%         N/A       28%         2
 Hailstorm                Conj/Ice       10%        3d5       56%         4
 Manifold Assault         Tloc           2%         N/A       99%         5
 Storm Form               Tmut/Air       1%         N/A       100%        7


Dungeon Overview and Level Annotations

Branches:
Dungeon (4/15) Zot: 2175
 Temple: D:4-7

Altars:


Innate Abilities, Weirdness & Mutations

You passively map a small area around you.
You are easily found by Zot.
You glow in the dark.
You regain HP and MP as you explore.


Message History

Aiming: Freeze (safe; 2% risk of failure)
Press: ? - help, Shift-Dir - straight line, f/p - orc
Aim: an orc, wielding a +0 mace and wearing a +0 scale mail (severely wounded)
You freeze the orc.
You kill the orc!
Your Spellcasting skill increases to level 3!
Unknown command.
You start waiting.
Magic restored.
You climb downwards.
The kobold shouts!
The orc shouts!
The adder misses you. The adder closely misses you. The orc barely misses you.
The hobgoblin hits you.
The kobold throws a poisoned dart.
The poisoned dart closely misses you.
The poisoned dart closely misses the adder.
There is a stone staircase leading up here.
The adder misses you. The orc hits you with a +0 hand axe.
* * * LOW HITPOINT WARNING * * *
The hobgoblin hits you.
* * * LOW HITPOINT WARNING * * *
The adder misses you.
You climb upwards.
There is a stone staircase leading down here.
It was a potion of attraction.
You feel attractive to monsters. The adder barely misses you.
The hobgoblin hits you but does no damage.
The orc misses you.
Casting: Freeze (safe; 2% risk of failure)
Confirm with . or Enter, or press ? or * to list all spells.
Aiming: Freeze (safe; 2% risk of failure)
Press: ? - help, Shift-Dir - straight line, f - adder
Aim: an adder You freeze the adder.
The adder is lightly wounded.
The adder bites you.
* * * LOW HITPOINT WARNING * * *
The hobgoblin hits you but does no damage.
The orc hits you with a +0 hand axe.
You die...

#### *#...######
*#..o@....##
##.g.S....# * *
##..###..# ....##
#..# * , ..#.#
#..# ,
#*#.#####..######*
#......<....... ,
, *,
#.#####.###.### *
** #.# #


You could see an adder, an orc and a hobgoblin.

Vanquished Creatures
  5 orcs
  A hobgoblin (D:2)
  2 bats (D:1)
  A frilled lizard (D:2)
9 creatures vanquished.

Notes
Turn   | Place    | Note
-------+----------+-------------------------------------------
     0 | D:1      | hawla the Meteoran Ice Elementalist began the quest for the
                  | Orb.
     0 | D:1      | Reached XP level 1. HP: 14/14 MP: 5/5
   108 | D:3      | Reached XP level 2. HP: 19/20 MP: 3/6
   220 | D:4      | HP: 1/20 [hobgoblin (4)]
   223 | D:3      | Slain by an orc

Illustrated notes

Levels and vault maps discovered:
D:1:      heliophobic_arrival_enchanted_forest, layout_basic,
          serial_corexii_hall, chequers_hall_statues_wall_a,
          corexii_hall_statues_x, basic_ecumenical_altar, grunt_decor_cap,
          minmay_curled_crystal
D:2:      layout_basic, basic_altar, kennysheep_path_1, minmay_vboxes
D:3:      layout_loops_ring, nrook_loot_triangle, uniq_terence
D:4:      layout_basic, minmay_temple_entry_waves, serial_corexii_hall,
          chequers_hall_statues_y, chequers_hall_statues_wall_a,
          corexii_hall_statues_l, corexii_hall_statues_deadend,
          chequers_hall_statues_wall_a, corexii_hall_statues_t, uniq_edmund,
          uniq_sigmund

Skill      XL: |  1  2 |
---------------+-------+-----
Spellcasting   | 3 |  3.0
Dodging        | |  2.5
Stealth        | |  1.4
Ice Magic      | |  4.8

Action                   || total
-------------------------++-------
Melee: Unarmed           ||    12
 Cast: Freeze            ||    16
  Use: Scroll            ||     1
       Potion            ||     1
Armor: Robe              ||     9
Dodge: Dodged            ||    23
